Map: 16-Bit LE

Players

Solar

  • Race: Zerg Zerg
  • League: Diamond
  • Spawn Location: 1:00

soO - Winner!

  • Race: Zerg Zerg
  • League: Master
  • Spawn Location: 7:00

Event: HomeStory Cup XVII

VOD

Have the link to the VOD?

Description

Time

  • Played on: July 1, 2018, 9:45 a.m.
  • Length: 3:23

All games in this series

Show
View Real Time Build Order
Export as new Build Order

Solar Zerg 

Build Orders: Hatch First 

Get SALT Encoding   

  12  0:01  Drone  
  13  0:12  Overlord  
  13  0:17  Drone  
  14  0:31  Drone x2  
  16  0:35  Drone  
  17  0:52  Hatchery  
  17  0:55  Drone  
  17  0:59  Drone  
  18  1:12  Spawning Pool  
  18  1:15  Drone  
  18  1:20  Drone  
  19  1:38  Hatchery  
  18  1:41  Drone  
  18  1:46  Drone  
  22  2:03  Zergling x2  
  22  2:04  Zergling x4  
  25  2:09  Queen  
  25  2:14  Zergling x2  
  26  2:16  Overlord  
  26  2:27  Zergling x4  
  28  2:37  Zergling x2  
  28  2:51  Spine Crawler  
  27  2:59  Zergling x2  
  27  3:03  Zergling x2  
  27  3:05  Zergling x2  
Show
View Real Time Build Order
Export as new Build Order

soO Zerg - Winner!

Build Orders: 1 Base Baneling Bust, Pool Only 

Get SALT Encoding   

  12  0:18  Spawning Pool  
  11  0:22  Drone  
  11  0:27  Drone  
  13  0:31  Drone  
  14  0:36  Extractor  
  13  0:44  Overlord  
  13  1:05  Zergling x4  
  13  1:06  Zergling x2  
  13  1:10  Queen  
  18  1:16  Zergling x2  
  19  1:28  Zergling x2  
  20  1:36  Metabolic Boost  
  20  1:38  Zergling x2  
  21  1:48  Zergling x2  
  22  1:57  Baneling Nest  
  21  2:04  Overlord  
  21  2:10  Zergling x2  
  22  2:26  Zergling x6  
  25  2:35  Zergling x2  
  26  2:43  Baneling  
  26  2:44  Baneling x2  
  26  2:47  Zergling x2  
  27  2:55  Zergling x4  
Tags
 
Add a new tag
Caveats
  • Supply blocks, unpowered buildings, or Contaminate may cause inaccurate times.
  • Supply counts are checked every 10 seconds.